 Dungeon Crawl Stone Soup version 0.25-a0-479-g8579842fd4 (webtiles) character file.

Game seed: 7611798147022634685, levelgen mode: deterministic

8990 Kohma the Carver (level 11, -3/102 HPs)
             Began as a Minotaur Berserker on Feb 9, 2020.
             Was an Elder of Trog.
             Slain by a centaur (6 damage)
             ... summoned by an orange crystal statue
             ... while paralysed
             ... on level 9 of the Dungeon.
             The game lasted 00:23:43 (8850 turns).

Kohma the Carver (Minotaur Berserker)               Turns: 8850, Time: 00:23:44

Health: -3/102     AC: 19    Str: 26    XL:     11   Next: 17%
Magic:  0/10       EV:  2    Int: -5 (4) God:    Trog [****..]
Gold:   616        SH:  0    Dex:  9    Spells: 10/10 levels left

rFire    . . .     SeeInvis .   a - +3 scimitar
rCold    . . .     Gourm    .   y - +0 buckler
rNeg     . . .     Faith    .   u - +1 plate armour
rPois    .         Spirit   .   (helmet restricted)
rElec    .         Reflect  +   x - +0 cloak
rCorr    .         Harm     .   d - +1 pair of gloves
MR       ++...                  (no boots)
Stlth    ..........             m - +6 amulet of reflection
HPRegen  0.27/turn              t - ring of protection from magic
MPRegen  0.12/turn              C - ring of protection from magic

@: paralysed, fainting, slowed, lost intelligence, drained
A: retaliatory headbutt, horns 2
a: Berserk, Trog's Hand, Brothers in Arms, Renounce Religion


You were on level 9 of the Dungeon.
You worshipped Trog.
Trog was greatly pleased with you.
You were fainting.

You visited 2 branches of the dungeon, and saw 10 of its levels.

You collected 616 gold pieces.

Inventory:

Hand Weapons
 a - a +3 scimitar (weapon)
 E - a +0 great sword
Missiles
 i - 2 curare-tipped darts (quivered)
 p - 62 poisoned darts
Armour
 d - a +1 pair of gloves (worn)
 u - a +1 plate armour (worn)
 x - a +0 cloak (worn)
 y - a +0 buckler (worn)
 D - the +1 scale mail of an ossuary {-Cast rC+++ SInv Stlth+}
   (You found it on level 9 of the Dungeon)

   It renders you almost immune to cold.
   It lets you see invisible.
   It prevents spellcasting.
   It makes you more stealthy.
   If you switch to wearing this armour, your AC will fall 6 points (19 -> 13)
Jewellery
 l - an uncursed ring of flight
 m - a +6 amulet of reflection (around neck)
 t - a ring of protection from magic (left hand)
 C - a ring of protection from magic (right hand)
Wands
 e - a wand of polymorph (17)
 v - a wand of acid (11)
 z - a wand of flame (24)
 A - a wand of iceblast (11)
Scrolls
 f - 5 scrolls of remove curse
 g - 2 scrolls of fear
 j - 2 scrolls of enchant armour
 q - a scroll of teleportation
 s - a scroll of magic mapping
 B - 2 scrolls of identify
Potions
 b - 3 potions of curing
 h - 3 potions of agility
 k - 2 potions of mutation
 r - 2 potions of heal wounds
 w - a potion of flight
Comestibles
 c - 10 rations


   Skills:
 + Level 11.4(10.6) Fighting
   Level 3.9(8.9) Short Blades
 - Level 14.4(13.7) Long Blades
 - Level 10.0(9.2) Armour
 - Level 4.0(3.3) Dodging
 - Level 4.0(3.4) Shields


You had 10 spell levels left.
You didn't know any spells.
Your spell library was empty.

Dungeon Overview and Level Annotations

Branches:
Dungeon (9/15)             Temple (1/1) D:4
   Lair: D:8-11         Orc: D:9-12

Altars:
Ashenzari
Cheibriados
Dithmenos
Elyvilon
Fedhas
Gozag
Hepliaklqana
Kikubaaqudgha
Makhleb
Nemelex Xobeh
Okawaru
Qazlal
Ru
Sif Muna
Trog
Uskayaw
Vehumet
Wu Jian
Xom
Yredelemnul
Zin
The Shining One

Shops:
D:5 [

Annotations:
D:9 1 runed translucent door, exclusion: 2 orange crystal statues


Innate Abilities, Weirdness & Mutations

You reflexively headbutt those who attack you in melee.
You have a pair of horns on your head.


Message History

* * * LOW HITPOINT WARNING * * *
The bullfrog hits you but does no damage.
The centaur hits you but does no damage.
The orange crystal statue fixes its piercing gaze on you.
You feel your power leaking away.
The orange crystal statue glitters.
You resist with almost no effort.
The bullfrog hits you but does no damage.
The centaur hits you but does no damage.
The quokka bites you.
* * * LOW HITPOINT WARNING * * *
The bullfrog hits you but does no damage.
The centaur hits you.
* * * LOW HITPOINT WARNING * * *
The bullfrog hits you but does no damage.
The centaur hits you but does no damage.
The orange crystal statue fixes its piercing gaze on you.
The bullfrog hits you but does no damage.
The centaur hits you.
You die...

###.####...........#####..
#.........................
#.#########.>.............
#.#8.....8#...............
#.#.#...#.#...#########...
#.#.......#...# #...
#.'...[.Zr+...# #...
#.#.).W.cT#...# #...
##.#.#..5#@#...# #...
#..#....lF.#...# #...
#..#########...# #...
#..............# #...
#.#######......# #..)
#..............#########...
##############...........(.
#.............
#.............


You could see 2 orange crystal statues, a troll, a phantom, a bullfrog, a
centaur, an iguana, an adder zombie and a quokka.

Vanquished Creatures
  A two-headed ogre (D:8)
  2 orange crystal statues (D:9)
  2 hornets
  Sigmund (D:5)
  4 yaks (D:9)
  A wyvern (D:8)
  A necrophage (D:5)
  4 sky beasts
  2 phantoms
  3 orc warriors
  4 ogres
  5 centaurs
  7 bullfrogs
  4 scorpions
  5 wights (D:6)
  A centaur zombie (D:5)
  5 crimson imps
  2 quasits
  2 jellies
  8 orc priests
  2 hounds (D:6)
  A gnoll shaman (D:4)
  An iron imp (D:6)
  21 orc wizards
  2 iguanas
  5 worker ants
  A hound zombie (D:8)
  2 hound skeletons
  4 gnolls (D:4)
  A howler monkey skeleton (D:5)
  18 adders
  2 shadow imps
  An ooze (D:6)
  A worm (D:4)
  3 dart slugs
  4 leopard geckos
  37 orcs
  A ball python (D:3)
  5 bats
  6 giant cockroaches
  11 goblins
  16 hobgoblins
  9 jackals
  6 kobolds
  A quokka (D:2)
  7 rats
232 creatures vanquished.

Vanquished Creatures (others)
  An orc (D:9)
1 creature vanquished.

Grand Total: 233 creatures vanquished

Notes
Turn   | Place    | Note
-------+----------+-------------------------------------------
     0 | D:1      | Kohma the Minotaur Berserker began the quest for the Orb.
     0 | D:1      | Reached XP level 1. HP: 19/19 MP: 0/0
   317 | D:1      | Reached XP level 2. HP: 27/27 MP: 1/1
   854 | D:2      | Reached XP level 3. HP: 25/34 MP: 2/2
   870 | D:2      | Reached ** piety under Trog
   883 | D:2      | Reached XP level 4. HP: 12/41 MP: 3/3
  1122 | D:2      | Found a glowing golden altar of the Shining One.
  1178 | D:2      | Found a stormy altar of Qazlal.
  1536 | D:2      | Noticed a centaur
  1540 | D:2      | Found an ancient bone altar of Kikubaaqudgha.
  1541 | D:2      | Killed a centaur
  1541 | D:2      | Reached skill level 5 in Fighting
  1541 | D:2      | Reached skill level 1 in Long Blades
  1541 | D:2      | Reached XP level 5. HP: 31/48 MP: 4/4
  1676 | D:2      | Reached skill level 2 in Long Blades
  1875 | D:2      | Found a glowing silver altar of Zin.
  2128 | D:3      | Reached skill level 5 in Armour
  2141 | D:3      | Reached XP level 6. HP: 56/56 MP: 5/5
  2676 | D:4      | Noticed an orc warrior
  2691 | D:4      | HP: 3/85 [orc warrior/+0 flail (7)]
  2692 | D:4      | Killed an orc warrior
  2692 | D:4      | Reached skill level 3 in Long Blades
  3047 | D:4      | Found a staircase to the Ecumenical Temple.
  3075 | Temple   | Entered the Ecumenical Temple
  3118 | D:4      | Reached *** piety under Trog
  3265 | D:4      | Reached XP level 7. HP: 63/64 MP: 6/6
  3270 | D:4      | Reached skill level 4 in Long Blades
  3355 | D:4      | Got a steaming scale mail
  3366 | D:4      | Identified the +0 scale mail of a bazaar {Str+4} (You found
                  | it on level 4 of the Dungeon)
  3762 | D:5      | Entered Level 5 of the Dungeon
  3865 | D:5      | Reached skill level 5 in Long Blades
  3947 | D:5      | Reached XP level 8. HP: 62/73 MP: 7/7
  3997 | D:5      | Found a basalt altar of Yredelemnul.
  4065 | D:5      | Reached skill level 6 in Long Blades
  4501 | D:5      | Noticed Sigmund
  4510 | D:5      | Killed Sigmund
  4510 | D:5      | Reached skill level 7 in Long Blades
  4558 | D:5      | Found Riojos's Armour Emporium.
  4820 | D:6      | Reached skill level 14 in Long Blades
  4820 | D:6      | Reached XP level 9. HP: 80/80 MP: 8/8
  4920 | D:6      | Reached **** piety under Trog
  4933 | D:6      | Reached XP level 10. HP: 72/89 MP: 9/9
  6090 | D:6      | Found a burning altar of Makhleb.
  6146 | D:7      | Got a slimy morningstar
  6224 | D:7      | Paralysed by a hornet for 3 turns
  6681 | D:7      | Reached ***** piety under Trog
  6681 | D:7      | Received a gift from Trog
  7200 | D:8      | Noticed a two-headed ogre
  7213 | D:8      | Killed a two-headed ogre
  7213 | D:8      | Reached skill level 10 in Fighting
  7346 | D:8      | Reached skill level 10 in Armour
  7492 | D:8      | Found a radiant altar of Vehumet.
  7771 | D:8      | Found a shimmering blue altar of Sif Muna.
  8002 | D:8      | Reached skill level 1 in Shields
  8306 | D:9      | Got a spiked scale mail
  8317 | D:9      | Identified the cursed +1 scale mail of an ossuary {-Cast
                  | rC+++ SInv Stlth+} (You found it on level 9 of the Dungeon)
  8369 | D:9      | Reached XP level 11. HP: 43/99 MP: 10/10
  8639 | D:9      | Found a runed translucent door.
  8646 | D:9      | Found the +10 large shield of Ignorance {rN+ Int-4}
  8670 | D:9      | Found a runed translucent door.
  8676 | D:9      | Noticed an orange crystal statue
  8740 | D:9      | Noticed an orange crystal statue
  8740 | D:9      | Noticed an orange crystal statue
  8740 | D:9      | Noticed an orange crystal statue
  8749 | D:9      | Noticed a two-headed ogre
  8752 | D:9      | Noticed a green ugly thing
  8753 | D:9      | Killed an orange crystal statue
  8784 | D:9      | Lost intelligence.
  8801 | D:9      | Paralysed by fainting for 8 turns
  8813 | D:9      | Killed an orange crystal statue
  8844 | D:9      | Paralysed by fainting for 8 turns
  8846 | D:9      | HP: 5/102 [centaur[an orange crystal statue] (2)]
  8850 | D:9      | Slain by a centaur

Levels and vault maps discovered:
D:1:      psy_arrival_spokes, layout_basic, minmay_tetromino_t2
D:2:      layout_basic, lemuel_round_altar, old_standard_altar,
          tso_oasis_becter, grunt_qazlal_sundering
D:3:      layout_loops_ring, first_ration
D:4:      layout_loops_cross, minmay_temple_entry_glassed_door
D:5:      layout_loops_ring, old_standard_altar, serial_shops,
          nicolae_shop_window_shopping, uniq_sigmund
D:6:      layout_basic, makhleb_grotto_becter, kennysheep_flooded_box,
          minmay_increasing_density
D:7:      layout_basic
D:8:      layout_basic, vehumet_altar_wand_db, led_sif_pool
D:9:      layout_irregular_city, chequers_guarded_unrand_ignorance, uniq_maurice
Temple:   nicolae_temple_no_exploring_needed

Skill      XL: |  1  2  3  4  5  6  7  8  9 10 11 |
---------------+----------------------------------+-----
Fighting       | 4 5 6 7 8 9 10 11 | 11.4
Armour         | 3 4 5 7 8 10 | 10.0
Long Blades    | 1 2 3 5 14 | 14.4
Dodging        | 4 |  4.0
Shields        | 3 4 |  4.0
Short Blades   | |  3.9

Action                   |  1- 3 |  4- 6 |  7- 9 | 10-12 || total
-------------------------+-------+-------+-------+-------++-------
Melee: Short sword       |    80 |    24 |       |       ||   104
       Headbutt          |    12 |    38 |    50 |    89 ||   189
       Long sword        |       |   104 |       |       ||   104
       Falchion          |       |    39 |   236 |   172 ||   447
       Scimitar          |       |       |       |   209 ||   209
Invok: Trog's Hand       |     1 |     1 |     1 |     1 ||     4
       Berserk           |       |     1 |       |     1 ||     2
       Brothers in Arms  |       |       |       |     1 ||     1
  Use: Scroll            |       |       |    13 |    11 ||    24
       Potion            |       |       |     1 |     3 ||     4
  Eat: Chunk             |       |     9 |     6 |    12 ||    27
Armor: Animal skin       |    16 |       |       |       ||    16
       Ring mail         |    20 |    23 |       |       ||    43
       Plate armour      |       |    27 |   133 |   271 ||   431
       Chain mail        |       |    20 |       |       ||    20
       Scale mail        |       |       |       |     4 ||     4
Dodge: Dodged            |    48 |    92 |    61 |   167 ||   368
Block: Other             |       |       |     7 |    37 ||    44
       Buckler           |       |       |       |   106 ||   106
       Reflection        |       |       |       |     8 ||     8
       Rpst.: Long sword |       |    17 |       |       ||    17
       Falchion          |       |     6 |    21 |     9 ||    36
       Scimitar          |       |       |       |    24 ||    24

Table legend:
 A = Non-vault XP
 B = Vault XP
 C = Vault XP percentage of total XP
 D = Non-vault monster count
 E = Vault monster count
 F = Vault count percentage of total count
                 A         B        C        D         E       F
            +---------+---------+-------+---------+---------+-------
      Total |    8500 |    1823 |  17.7 |     222 |      10 |   4.3
            +---------+---------+-------+---------+---------+-------
        D:1 |      30 |       4 |  11.8 |      16 |       2 |  11.1
        D:2 |     313 |       0 |   0.0 |      39 |       0 |   0.0
        D:3 |      46 |       0 |   0.0 |      12 |       0 |   0.0
        D:4 |     615 |       0 |   0.0 |      24 |       0 |   0.0
        D:5 |    1351 |     227 |  14.4 |      31 |       1 |   3.1
        D:6 |     960 |     252 |  20.8 |      23 |       4 |  14.8
        D:7 |    1545 |       0 |   0.0 |      32 |       0 |   0.0
        D:8 |    2042 |       1 |   0.0 |      27 |       1 |   3.6
        D:9 |    1598 |    1339 |  45.6 |      18 |       2 |  10.0
            +---------+---------+-------+---------+---------+-------
